 Dungeon Crawl Stone Soup version 0.26-a0-84-g8c18429211 (webtiles) character file.

Game seed: 1350255404077264366

152 Gargoyl the Skirmisher (level 5, -4/45 HPs)
             Began as a Centaur Abyssal Knight on June 21, 2020.
             Was a Believer of Lugonu.
             Slain by a gnoll
             ... wielding a +0 spear
              (7 damage)
             ... on level 3 of the Dungeon.
             The game lasted 00:03:42 (2758 turns).

Gargoyl the Skirmisher (Centaur Abyssal Knight)     Turns: 2758, Time: 00:03:43

Health: -4/45      AC:  8    Str: 15    XL:     5   Next: 11%
Magic:  5/7        EV: 11    Int: 11    God:    Lugonu [**....]
Gold:   105        SH:  0    Dex:  9    Spells: 4/4 levels left

rFire    + + .     SeeInvis .   a - +1 hand axe
rCold    x . .     Gourm    .   (no shield)
rNeg     . . .     Faith    .   k - +1 fire dragon scales
rPois    .         Spirit   .   (no helmet)
rElec    .         Reflect  .   (no cloak)
rCorr    .         Harm     .   (no gloves)
MR       .....                  (no barding)
Stlth    ..........             (no amulet)
HPRegen  0.15/turn              e - +4 ring of evasion
MPRegen  0.10/turn              (no ring)

@: lightly drained, very quick
A: large, hooves 3, deformed body, speed 2, tough skin 3
a: Depart the Abyss, Bend Space, Renounce Religion


You were on level 3 of the Dungeon.
You worshipped Lugonu.
Lugonu was pleased with you.
You were not hungry.

You visited 1 branch of the dungeon, and saw 3 of its levels.
You visited the Abyss 1 time.

You collected 105 gold pieces.

Inventory:

Hand Weapons
 a - a +1 hand axe (weapon)
Armour
 k - +1 fire dragon scales (worn)
Jewellery
 e - a +4 ring of evasion (left hand)
Scrolls
 b - a scroll of enchant weapon {unknown}
 d - 3 scrolls of teleportation
 g - a scroll of fear
 h - a scroll of remove curse
 j - a scroll of enchant armour
 m - a scroll of identify
Potions
 f - a potion of brilliance
 i - a potion of flight {unknown}
 o - a potion of cancellation {unknown}
 q - a potion of resistance {unknown}
 r - 2 potions of curing {unknown}
Comestibles
 c - 6 rations
 l - a chunk of flesh


   Skills:
 + Level 3.6(3.5) Fighting
 + Level 2.8 Axes
 * Level 2.4(2.3) Armour
 * Level 1.4(1.3) Dodging
 * Level 2.7(2.6) Invocations


You had 4 spell levels left.
You didn't know any spells.
Your spell library was empty.

Dungeon Overview and Level Annotations

Branches:
Dungeon (3/15)

Altars:
Fedhas
Qazlal


Innate Abilities, Weirdness & Mutations

You have hooves in place of feet.
Armour fits poorly on your strangely shaped body.
You cover ground very quickly.
You have extremely tough skin. (AC +3)


Message History

The gnoll hits you but does no damage. x2
Unknown command.
You barely miss the gnoll. You kick the gnoll.
You kill the gnoll!
Lugonu accepts your kill.
You barely miss the gnoll. The gnoll hits you with a +0 spear!
* * * LOW HITPOINT WARNING * * *
Unknown command.
The gnoll hits you from afar with a +0 spear.
* * * LOW HITPOINT WARNING * * *
The gnoll hits you but does no damage.
Some of the chunks of flesh in your inventory have rotted away.
You hit the gnoll.
The gnoll is almost dead.
The gnoll hits you with a +0 spear.
* * * LOW HITPOINT WARNING * * *
You hit the gnoll but do no damage. Your kick misses the gnoll.
The gnoll is almost dead.
The gnoll hits you with a +0 spear!
You die...

PPP..#.≈≈#...............# #.#
P_....._#................# #(#
PPPP.≈≈#≈^##.#..<........# #.#
......#.≈###.#...........# #.#
####.........#...........#*****,*
* #.#########...........#*,,,,,,
* #.#..,,,,,#...........#*,,,,,,
* #,*..*,**,#.#.#########*,,,,,,
* #.##.****,#.g@.# *,,,,,, *
*,...,,,,,#.).)# *,,,,,,
*######.######..).# *,,,,,,
,.......<.........# *,,,,,,
*##############...# *,,,,,,
,,,,,,,,,,,,,,....# *,,,,,,
*************##..?# *,,,,,,
,,,,,,,,,,,,,,<...# ******,
**************#...# *,


You could see a gnoll.

Vanquished Creatures
  2 gnolls (D:3)
  4 adders
  3 worms
  2 dart slugs (D:2)
  4 leopard geckos
  5 giant cockroaches (D:1)
  8 goblins
  6 hobgoblins
  12 jackals
  A ball python (D:1)
  11 bats
  A frilled lizard (D:1)
  11 kobolds
  6 rats
76 creatures vanquished.

Notes
Turn   | Place    | Note
-------+----------+-------------------------------------------
     0 | Abyss:1  | Gargoyl the Centaur Abyssal Knight began the quest for the
                  | Orb.
     0 | Abyss:1  | Reached XP level 1. HP: 19/19 MP: 2/2
     2 | Abyss:1  | Found a corrupted altar of Lugonu.
    29 | Abyss:2  | Noticed a spatial maelstrom
    31 | Abyss:2  | Noticed a spatial vortex
    32 | Abyss:2  | Noticed a spatial vortex
    32 | D:1      | Escaped the Abyss
   195 | D:1      | Reached * piety under Lugonu
   196 | D:1      | Reached XP level 2. HP: 23/26 MP: 3/3
   712 | D:1      | Reached skill level 1 in Dodging
   718 | D:1      | Reached XP level 3. HP: 25/31 MP: 4/4
  1165 | D:1      | Reached ** piety under Lugonu
  1455 | D:2      | Reached XP level 4. HP: 32/38 MP: 5/5
  2620 | D:3      | Found a blossoming altar of Fedhas.
  2695 | D:3      | Found a stormy altar of Qazlal.
  2749 | D:3      | HP: 1/39 [gnoll/+0 spear (7)]
  2751 | D:3      | Reached XP level 5. HP: 24/45 MP: 5/7
  2758 | D:3      | Slain by a gnoll

Illustrated notes

Levels and vault maps discovered:
D:1:      ebering_hopf_link, layout_loops_ring, roderic_lattice_a
D:2:      layout_rooms
D:3:      layout_basic, grunt_temple_overflow_forces_of_nature, first_ration,
          lemuel_old_faithful

Skill      XL: |  1  2  3 |
---------------+----------+-----
Axes           | 2 |  2.8
Dodging        | 1 |  1.4
Armour         | 2 |  2.4
Fighting       | |  3.6
Invocations    | |  2.7

Action                   |  1- 3 |  4- 6 || total
-------------------------+-------+-------++-------
Melee: Hand axe          |    95 |    95 ||   190
       Kick              |    10 |    20 ||    30
Invok: Depart the Abyss  |     1 |       ||     1
  Use: Potion            |     2 |     1 ||     3
       Scroll            |       |     9 ||     9
  Eat: Chunk             |     1 |     4 ||     5
Armor: Leather armour    |    15 |       ||    15
       Fire dragon scale |    31 |    50 ||    81
       Skin              |    11 |       ||    11
Dodge: Dodged            |    80 |    73 ||   153

Table legend:
 A = Non-vault XP
 B = Vault XP
 C = Vault XP percentage of total XP
 D = Non-vault monster count
 E = Vault monster count
 F = Vault count percentage of total count
                 A         B        C        D         E       F
            +---------+---------+-------+---------+---------+-------
      Total |     218 |       0 |   0.0 |      76 |       0 |   0.0
            +---------+---------+-------+---------+---------+-------
        D:1 |      86 |       0 |   0.0 |      36 |       0 |   0.0
        D:2 |      54 |       0 |   0.0 |      21 |       0 |   0.0
        D:3 |      78 |       0 |   0.0 |      19 |       0 |   0.0
            +---------+---------+-------+---------+---------+-------
